 Dungeon Crawl Stone Soup version 0.28-a0-769-g550dbda0cd (webtiles) character file.

Game seed: 17235405355204034396

117 Sabo the Ducker (level 5, -1/39 HPs)
             Began as a Djinni Gladiator on Oct 31, 2021.
             Was a Follower of Dithmenos.
             Slain by an orc (7 damage)
             ... on level 3 of the Dungeon.
             The game lasted 00:15:31 (3644 turns).

Sabo the Ducker (Djinni Gladiator)                  Turns: 3644, Time: 00:15:32

Health: -1/39      AC:  7    Str: 14    XL:     5   Next: 22%
Gold:   90         EV: 10    Int:  9    God:    Dithmenos [*.....] SH:  0 Dex: 15

rFire   + + .      SeeInvis .   n - +0 spear (venom)
rCold   x . .      Faith    .   (no shield)
rNeg    . . .      Spirit   .   i - +0 scale mail
rPois   ∞          Reflect  .   c - +0 helmet
rElec   .          Harm     .   f - scarf {+Inv}
rCorr   .          Rampage  .   (no gloves)
Will    .....                   (boots unavailable)
Stlth   ..........              (no amulet)
HPRegen 0.13/turn               (no ring)
MPRegen 0.00/turn               (no ring)

@: flying, wreathed by umbra
A: sickness immunity, fire resistance 2, cold vulnerability 1, float, innate
caster, hp casting, extra vitality 1
a: Renounce Religion, Evoke Invisibility


You were on level 3 of the Dungeon.
You worshipped Dithmenos.
Dithmenos was aware of your devotion.
You visited 1 branch of the dungeon, and saw 3 of its levels.

You collected 90 gold pieces.

Inventory:

Hand Weapons
 a - a +0 war axe
 e - a +0 hunting sling
 n - a +0 spear of venom (weapon)
Missiles
 d - 3 throwing nets (quivered)
 m - 30 arrows
 r - 31 sling bullets
Armour
 c - a +0 helmet (worn)
 f - a scarf of invisibility (worn)
 i - a +0 scale mail (worn)
Wands
 o - a wand of acid (8)
Scrolls
 b - a scroll of enchant weapon {unknown}
 k - a scroll of fog
 l - a scroll of amnesia {unknown}
 q - a scroll of enchant armour {unknown}
Potions
 g - a potion of berserk rage
 h - 3 potions of lignification {unknown}
 j - a potion of degeneration {unknown}
 p - a potion of curing {unknown}
 s - 2 potions of heal wounds {unknown}
 t - a potion of ambrosia {unknown}


   Skills:
 + Level 2.7 Fighting
 + Level 3.5 Axes
 + Level 0.3(2.1) Polearms
 + Level 1.6 Throwing
 + Level 1.3 Armour
 + Level 3.9 Dodging


You had one spell level left.
You knew the following spells:

 Your Spells              Type           Power      Damage    Failure   Level
a - Freeze                Ice            0%         1d3       87%         1
b - Corpse Rot            Necr/Air       0%         N/A       95%         2
Your spell library was empty.

Dungeon Overview and Level Annotations

Branches:
Dungeon (3/15)

Altars:
Dithmenos
The Shining One


Innate Abilities, Weirdness & Mutations

You are immune to sickness and miasma.
You are immune to poison.
Your flesh is very heat resistant. (rF++)
You are vulnerable to cold. (rC-)
You float through the air rather than walking.
You learn spells naturally, not from books.
Your magical power is your life essence.
You have superior vitality. (+4 HP)


Message History

You reach down and open the door.
There is an open door here.
There is a large open door here.
Found a dagger.
There is a large open door here.
A white imp comes into view.
Found a glowing golden altar of the Shining One.
The white imp shouts!
You hear a shout! x3
A hobgoblin comes into view. It is wielding a +0 quarterstaff.
An orc priest comes into view.
It is wielding a +0 hand axe. 3 orcs come into view.
The orc shouts! x3
The white imp gestures at you. The puff of frost hits you!
You feel a terrible chill!
You hit the orc.
The orc is poisoned.
The orc is heavily wounded.
The orc hits you with a +0 mace. The white imp hits you.
The white imp freezes you.
You feel a terrible chill!
You hit the orc but do no damage.
The orc looks as sick as possible!
The orc is heavily wounded.
The orc barely misses you. The white imp barely misses you.
You hit the orc but do no damage.
The orc looks as sick as possible!
The orc is heavily wounded.
You kill the orc!
Dithmenos accepts your kill. The white imp barely misses you.
You closely miss the orc priest. The orc hits you but does no damage.
The white imp hits you but does no damage.
The orc priest hits you with a +0 hand axe.
You closely miss the orc priest. The orc hits you with a +0 mace.
The white imp hits you. The white imp freezes you.
You feel a terrible chill! The orc priest barely misses you.
You completely miss the orc priest. The orc hits you with a +0 mace.
* * * LOW HITPOINT WARNING * * *
The white imp barely misses you.
The orc priest hits you with a +0 hand axe.
* * * LOW HITPOINT WARNING * * *
You hit the orc priest but do no damage.
The orc priest is poisoned.
The orc hits you with a +0 mace!
You die...

##'####### )........##
##.....## .
.........##.#.......#.#
.........##.#.......#.#
.........# ....._.....
.........' #.......#
.........## #...o...#
.........##. #goo5.#
.........##.####@####...
.........##...........#
.........####.###.#####
########## #.....#
##########.#####
#..........#
#.########## #.# #.#


You could see an orc priest (very poisoned), a white imp, 2 orcs and a
hobgoblin.

Vanquished Creatures
  Natasha (twice) (D:2)
  An adder (D:2)
  An adder skeleton (D:2)
  A dart slug (D:3)
  2 orcs
  2 ball pythons
  6 bats
  6 endoplasms
  2 giant cockroaches
  5 hobgoblins
  4 jackals (D:1)
  2 kobolds
  A quokka (D:2)
  7 frilled lizards
  3 goblins
  6 rats
51 creatures vanquished.

Notes
Turn   | Place    | Note
-------+----------+-------------------------------------------
     0 | D:1      | Sabo the Djinni Gladiator began the quest for the Orb.
     0 | D:1      | Reached XP level 1. HP: 18/18 MP: 0/0
   239 | D:1      | Reached XP level 2. HP: 16/23 MP: 0/0
  1022 | D:1      | Reached XP level 3. HP: 28/29 MP: 0/0
  1022 | D:1      | Learned a level 1 spell: Freeze
  1132 | D:1      | Found a faded altar of an unknown god.
  1140 | D:1      | Prayed at the altar of an unknown god.
  1140 | D:1      | Became a worshipper of Dithmenos the Shadowed
  1140 | D:1      | Reached * piety under Dithmenos
  2162 | D:2      | Noticed Natasha
  2176 | D:2      | Killed Natasha
  2177 | D:2      | Reached XP level 4. HP: 34/34 MP: 0/0
  2237 | D:2      | Reached skill level 1 in Armour
  2607 | D:2      | Noticed Natasha
  2615 | D:2      | Killed Natasha
  2616 | D:2      | Reached XP level 5. HP: 38/39 MP: 0/0
  2616 | D:2      | Learned a level 2 spell: Corpse Rot
  3635 | D:3      | Found a glowing golden altar of the Shining One.
  3644 | D:3      | Slain by an orc

Illustrated notes

Levels and vault maps discovered:
D:1:      psy_arrival_statuary, layout_basic,
          shapermc_ecumenical_altar_mp_highgroup
D:2:      layout_loops_corners, uniq_natasha
D:3:      layout_basic, old_standard_altar, yredelemnul_altar_generic,
          serial_rivers, chequers_serial_rivers_small_3,
          chequers_serial_rivers_micro_a, chequers_serial_rivers_micro_a,
          chequers_serial_rivers_micro_b, chequers_serial_rivers_large_a,
          chequers_serial_rivers_micro_d

Skill      XL: |  1  2  3  4 |
---------------+-------------+-----
Axes           | 3 |  3.5
Armour         | 1 |  1.3
Fighting       | |  2.7
Polearms       | |  0.3
Throwing       | |  1.6
Dodging        | |  3.9

Action                   |  1- 3 |  4- 6 || total
-------------------------+-------+-------++-------
Melee: War axe           |    69 |       ||    69
       Spear             |     8 |    74 ||    82
  Use: Scroll            |     2 |       ||     2
Armor: Leather armour    |    12 |       ||    12
       Chain mail        |    15 |    24 ||    39
       Scale mail        |     3 |    18 ||    21
Dodge: Dodged            |    57 |    37 ||    94

Table legend: (Time is in decaauts)
 A = Elapsed time spent in this place.
 B = Non-inter-level travel time spent in this place.
 C = Inter-level travel time spent in this place.
 D = Time resting spent in this place.
 E = Time spent auto-exploring this place.
 F = Levels seen in this place.
 G = Mean time per level.
                   A        B        C        D        E       F      G
               +--------+--------+--------+--------+--------+-----+--------+
         Total |   3688 |   3688 |      0 |    987 |      0 |   3 | 1229.3 |
       Dungeon |   3688 |   3688 |      0 |    987 |      0 |   3 | 1229.3 |
               +--------+--------+--------+--------+--------+-----+--------+

Top non-repeatable levels by time:
     D:1: 1592 daAuts
     D:2: 1462 daAuts
     D:3: 633 daAuts
